 Dungeon Crawl Stone Soup version 0.29-a0-119-g4040846114 (webtiles) character file.

Game seed: 3703003937569805250

20478 GRML the Severer (level 12, -5/109 HPs)
             Began as a Deep Dwarf Fighter on Nov 26, 2021.
             Was an Elder of Makhleb.
             Slain by a death yak (11 damage)
             ... on level 3 of the Lair of Beasts on Feb 19, 2022.
             The game lasted 00:51:50 (11436 turns).

GRML the Severer (Deep Dwarf Fighter)              Turns: 11436, Time: 00:51:51

Health: -5/109     AC: 19    Str: 23    XL:     12   Next: 45%
Magic:  4/4        EV:  8    Int: 16    God:    Makhleb [****..]
Gold:   259        SH: 15    Dex: 12    Spells: 11/11 levels left

rFire   + + .      SeeInvis .   a - +0 war axe (venom)
rCold   + + .      Faith    .   v - +0 kite shield
rNeg    . . .      Spirit   .   k - +0 plate armour
rPois   +          Reflect  +   (no helmet)
rElec   .          Harm     .   K - +0 cloak {rPois}
rCorr   .          Rampage  .   r - +1 pair of gloves
Will    .....                   t - +0 pair of boots
Stlth   ..........              H - amulet of reflection
HPRegen 0.00/turn               D - ring "Nenous" {rF++ rC++ Will- Int+6}
MPRegen 0.09/turn               (no ring)

@: no status effects
A: damage resistance, heal wounds, sense surroundings 2, no regeneration
a: Heal Wounds, Renounce Religion, Minor Destruction, Lesser Servant of Makhleb,
Major Destruction


You were on level 3 of the Lair of Beasts.
You worshipped Makhleb.
Makhleb was greatly pleased with you.
You visited 3 branches of the dungeon, and saw 14 of its levels.

You collected 679 gold pieces.
You spent 420 gold pieces at shops.

Inventory:

Hand Weapons
 a - a +0 war axe of venom (weapon)
 h - a +0 morningstar
 w - a +2 trident of venom
 I - a +1 scimitar of flaming
Missiles
 f - 28 poisoned darts
 j - 6 javelins (quivered)
Armour
 k - a +0 plate armour (worn)
 o - a +2 cloak
 r - a +1 pair of gloves (worn)
 t - a +0 pair of boots (worn)
 u - an orb of guile
 v - a +0 kite shield (worn)
 F - an orb of light
 K - a +0 cloak of poison resistance (worn)
Jewellery
 D - the ring "Nenous" (left hand) {rF++ rC++ Will- Int+6}
   (You found it on level 9 of the Dungeon)

   [ring of intelligence]

   Int:       It affects your intelligence (+6).
   rF:        It greatly protects you from fire.
   rC:        It greatly protects you from cold.
   Will:      It decreases your willpower.
 H - an amulet of reflection (around neck)
 J - an amulet of magic regeneration
 N - a ring of see invisible
Wands
 b - a wand of polymorph (9)
 d - a wand of mindburst (3)
 G - a wand of flame (7)
 O - a wand of digging (6)
Scrolls
 c - 2 scrolls of blinking
 e - 11 scrolls of identify
 g - a scroll of fog {unknown}
 i - 2 scrolls of brand weapon
 m - a scroll of vulnerability {unknown}
 p - 2 scrolls of enchant armour
 x - a scroll of enchant weapon {unknown}
 y - a scroll of silence {unknown}
 z - a scroll of magic mapping
 C - 2 scrolls of teleportation
 L - a scroll of fear
 P - a scroll of amnesia {unknown}
Potions
 l - a potion of mutation {unknown}
 n - a potion of ambrosia {unknown}
 q - 2 potions of resistance
 s - 4 potions of curing
 A - 2 potions of magic {unknown}
 E - 4 potions of lignification {unknown}
 M - 2 potions of might
 Q - a potion of invisibility {unknown}
Miscellaneous
 B - a lightning rod (2/4)


   Skills:
 + Level 7.5 Fighting
 - Level 16.0(16.2) Axes
 + Level 4.0(9.7) Polearms
 + Level 9.0 Armour
 + Level 8.3 Dodging
 - Level 7.8 Shields
 + Level 5.8 Invocations


You had 11 spell levels left.
You didn't know any spells.
Your spell library contained the following spells:

 Spells                   Type           Power      Damage    Failure   Level
 Foxfire                  Conj/Fire      0%         2x1d4     100%        1
 Slow                     Hex            0%         N/A       100%        1
 Call Imp                 Summ           0%         N/A       100%        2
 Scorch                   Fire           0%         2d5       100%        2
 Sublimation of Blood     Necr           0%         N/A       100%        2
 Conjure Flame            Conj/Fire      0%         6-21      100%        3
 Dazzling Flash           Conj/Hex       0%         N/A       100%        3
 Inner Flame              Hex/Fire       0%         N/A       100%        3
 Animate Armour           Summ/Erth      0%         N/A       100%        4
 Animate Dead             Necr           0%         N/A       100%        4
 Cause Fear               Hex            0%         N/A       100%        4
 Flame Wave               Conj/Fire      0%         2d4       100%        4
 Petrify                  Tmut/Erth      0%         N/A       100%        4
 Borgnjor's Vile Clutch   Necr/Erth      0%         N/A       100%        5
 Irradiate                Conj/Tmut      0%         3d13      100%        5
 Metabolic Englaciation   Hex/Ice        0%         N/A       100%        5
 Yara's Violent Unravell  Hex/Tmut       0%         3d3       100%        5
 Death Channel            Necr           0%         N/A       100%        6
 Summon Cactus Giant      Summ           0%         N/A       100%        6
 Haunt                    Necr/Summ      0%         N/A       100%        7
 Infestation              Necr           0%         N/A       100%        8


Dungeon Overview and Level Annotations

Branches:
Dungeon (10/15)            Temple (1/1) D:6            Lair (3/6) D:10
  Swamp (0/4) Lair:2       Spider (0/4) Lair:2          Orc (0/2) D:10

Altars:
Ashenzari
Cheibriados
Dithmenos
Elyvilon
Fedhas
Gozag
Hepliaklqana
Kikubaaqudgha
Makhleb
Nemelex Xobeh
Okawaru
Qazlal
Ru
Sif Muna
Trog
Uskayaw
Vehumet
Wu Jian
Xom
Yredelemnul
Zin
The Shining One

Shops:
D:1 [   D:10 *


Innate Abilities, Weirdness & Mutations

You are resistant to damage.
You can heal yourself by infusing magical energy.
You passively map the area around you.
You do not regenerate.


Message History

You hit the death yak but do no damage.
The death yak looks as sick as possible!
The death yak is heavily wounded.
You slash the death yak!
The death yak looks as sick as possible!
The death yak is severely wounded.
You block the death yak's attack.
You hit the death yak but do no damage.
The death yak looks as sick as possible!
The death yak is severely wounded.
The death yak gores you!
* * * LOW HITPOINT WARNING * * *
You slash the death yak!
The death yak looks as sick as possible!
The death yak is almost dead.
You block the death yak's attack.
You hit the death yak.
The death yak is almost dead.
The death yak gores you.
You hit the death yak but do no damage.
The death yak looks as sick as possible!
The death yak is almost dead.
You slash the death yak!
You kill the death yak!
Makhleb accepts your kill.
Your base Polearms skill increases to level 4!
You slash the death yak!
The death yak looks as sick as possible!
The death yak is lightly wounded.
You hear a bellow!
You hear a bleat!
The death yak gores you.
You hear a bleat! x2
You hit the death yak but do no damage.
The death yak looks as sick as possible!
The death yak is lightly wounded.
The death yak closely misses you.
You barely miss the death yak.
The death yak is moderately wounded.
The death yak gores you!
You die...

#### ### ### ## **
##P.###.#####.####.####P,
#.......................
,
#........#Y##....<......
#........##@####.Y....##*
##.......##### ##........
#.........# #.......P. ,
##........######.........
#P.....................P.
≈
##..................>....
≈
##......#.#..#.#####.....
, #........#.#### ...♣≈ ,
##.......### *..S≈P, ,


You could see a death yak (extremely poisoned).

Vanquished Creatures
  A dire elephant (Lair:3)
  2 hydras (D:9)
  Erica (Lair:1)
  3 death yaks (Lair:3)
  Nergalle (D:10)
  A cyclops (D:9)
  Joseph (D:10)
  6 elephants (Lair:2)
  A black mamba (Lair:2)
  A gargoyle (D:10)
  3 cane toads
  2 komodo dragons (Lair:1)
  A freezing wraith (D:9)
  A troll (D:8)
  A hornet (D:9)
  A tyrant leech (Lair:2)
  3 slime creatures (D:8)
  Grinder (D:5)
  A meliai zombie (D:10)
  3 blink frogs (Lair:1)
  3 wyverns
  12 yaks
  A basilisk (Lair:2)
  A redback (Lair:2)
  6 water moccasins
  2 acid dragons
  An orc warrior (D:8)
  An ice beast (shapeshifter) (D:9)
  3 necrophages
  3 sky beasts
  2 black bears
  An ice beast (D:6)
  3 ogres
  6 wolves
  2 centaurs
  A phantom (D:7)
  A kobold brigand (D:10)
  5 bullfrogs
  A gnoll sergeant (D:7)
  5 scorpions
  2 water moccasin zombies (D:5)
  4 killer bees (D:10)
  7 wights
  A howler monkey (D:10)
  2 jellies
  2 centaur zombies
  4 orc priests
  2 hounds
  A centaur skeleton (D:6)
  2 bullfrog skeletons
  2 iguanas
  Terence (D:2)
  3 hell rats (D:7)
  4 orc wizards
  A howler monkey zombie (D:7)
  9 gnolls
  8 adders
  5 river rats (D:7)
  A white imp (D:6)
  An ufetubus (D:5)
  4 dart slugs
  20 orcs
  8 endoplasms
  A giant cockroach (D:1)
  3 goblins
  7 hobgoblins
  3 jackals (D:2)
  16 kobolds
  13 quokkas
  21 ball pythons
  3 bats (D:1)
  2 frilled lizards
  17 rats
  5 bushes (Lair:2)
280 creatures vanquished.

Vanquished Creatures (others)
  3 fungi
  96 plants
99 creatures vanquished.

Grand Total: 379 creatures vanquished

Notes
Turn   | Place    | Note
-------+----------+-------------------------------------------
     0 | D:1      | GRML the Deep Dwarf Fighter began the quest for the Orb.
     0 | D:1      | Reached XP level 1. HP: 20/20 MP: 1/1
    51 | D:1      | Reached XP level 2. HP: 6/27 MP: 2/2
    58 | D:1      | Reached skill level 3 in Axes
   313 | D:1      | Found a faded altar of an unknown god.
   364 | D:1      | Found Ufazigeb's Armour Emporium.
   423 | D:1      | Reached XP level 3. HP: 27/33 MP: 3/3
  1002 | D:2      | Noticed Terence
  1017 | D:2      | Killed Terence
  1018 | D:2      | Reached skill level 4 in Axes
  1018 | D:2      | Reached XP level 4. HP: 13/40 MP: 4/4
  1567 | D:3      | Reached skill level 5 in Axes
  1723 | D:3      | Found a shimmering altar of Xom.
  1723 | D:3      | Found an ancient bone altar of Kikubaaqudgha.
  1805 | D:3      | Noticed a phantom
  1806 | D:3      | Noticed a scorpion
  2069 | D:3      | Found a white marble altar of Elyvilon.
  2078 | D:3      | Found a sacrificial altar of Ru.
  2171 | D:3      | Upgraded the game from 0.28-a0-925-gd5e1996cdb to
                  | 0.29-a0-119-g4040846114
  2393 | D:4      | Reached XP level 5. HP: 18/46 MP: 5/5
  2446 | D:4      | Found an ornate altar of the Wu Jian Council.
  2517 | D:4      | Found an iron altar of Okawaru.
  2570 | D:4      | Reached skill level 6 in Axes
  2579 | D:4      | Noticed an ogre
  2594 | D:4      | Killed an ogre
  2595 | D:4      | Reached XP level 6. HP: 37/55 MP: 6/6
  2641 | D:4      | Reached skill level 7 in Axes
  3123 | D:5      | Entered Level 5 of the Dungeon
  3158 | D:5      | Reached skill level 8 in Axes
  3178 | D:5      | Reached XP level 7. HP: 61/61 MP: 7/7
  3180 | D:5      | Noticed Grinder
  3193 | D:5      | Killed Grinder
  3194 | D:5      | Reached skill level 9 in Axes
  3225 | D:5      | Identified the +0 robe of Circular Logic {rC+ Archmagi}
  3605 | D:5      | Reached skill level 10 in Axes
  3748 | D:5      | Reached XP level 8. HP: 32/68 MP: 8/8
  4036 | D:3      | Gained mutation: You passively map the area around you.
                  | [Deep Dwarf growth]
  4036 | D:3      | Reached XP level 9. HP: 38/82 MP: 9/9
  4091 | D:6      | Found a staircase to the Ecumenical Temple.
  4356 | D:6      | Reached skill level 11 in Axes
  4431 | Temple   | Entered the Ecumenical Temple
  4519 | Temple   | Became a worshipper of Makhleb the Destroyer
  5141 | D:7      | Found a shimmering blue altar of Sif Muna.
  5158 | D:7      | Found a basalt altar of Yredelemnul.
  5340 | D:7      | Noticed an eight-headed hydra
  5361 | D:7      | HP: 4/82 [eight-headed hydra (1)]
  5408 | D:7      | Reached * piety under Makhleb
  5418 | D:7      | Reached skill level 12 in Axes
  5989 | D:8      | Reached XP level 10. HP: 58/91 MP: 9/9
  6035 | D:8      | Reached ** piety under Makhleb
  6040 | D:8      | Reached skill level 13 in Axes
  7051 | D:9      | Noticed a harpy
  7052 | D:9      | Noticed a guardian serpent
  7052 | D:9      | a harpy changed into a guardian serpent
  7060 | D:9      | Noticed an eight-headed hydra
  7210 | D:9      | Got the Handbook of Clay and Execration
  7316 | D:9      | Identified the ring "Nenous" {rF++ rC++ Will- Int+6}
  7334 | D:9      | Got the Reference Book on Ensnaring Summoning
  7445 | D:9      | Killed an eight-headed hydra
  7446 | D:9      | Reached skill level 14 in Axes
  7649 | D:9      | Noticed a cane toad
  7649 | D:9      | a human changed into a cane toad
  7655 | D:9      | Noticed a harpy
  7655 | D:9      | a cane toad changed into a harpy
  7662 | D:9      | a harpy changed into a golden eye
  7720 | D:9      | Noticed a six-headed hydra
  7746 | D:9      | Killed a six-headed hydra
  7747 | D:9      | Reached XP level 11. HP: 31/97 MP: 4/4
  7977 | D:10     | Entered Level 10 of the Dungeon
  8100 | D:10     | Noticed Nergalle
  8117 | D:10     | Killed Nergalle
  8118 | D:10     | Reached skill level 15 in Axes
  8125 | D:10     | Reached *** piety under Makhleb
  8137 | D:10     | Found a staircase to the Orcish Mines.
  8246 | D:10     | HP: 2/97 [gargoyle/stone arrow (16)]
  8254 | D:10     | HP: 3/97 [gargoyle (11)]
  8262 | D:10     | Found a blossoming altar of Fedhas.
  8280 | D:10     | Found a snail-covered altar of Cheibriados.
  8498 | D:10     | Found a staircase to the Lair.
  8524 | D:10     | Found Recarch's Retail Resort.
  8532 | D:10     | Noticed Joseph
  8556 | D:10     | Killed Joseph
  8557 | D:10     | Reached skill level 16 in Axes
  8566 | D:10     | Bought an amulet of reflection for 420 gold pieces
  8692 | Lair:1   | Entered Level 1 of the Lair of Beasts
  8711 | Lair:1   | Reached skill level 1 in Invocations
  8784 | Lair:1   | Reached skill level 1 in Polearms
  8909 | Lair:1   | Noticed Erica
  8960 | Lair:1   | HP: 4/98 [something/lance of force (21)]
  8967 | Lair:1   | Killed Erica
  9731 | Lair:2   | Reached XP level 12. HP: 34/106 MP: 4/4
 10046 | Lair:2   | Reached **** piety under Makhleb
 10451 | Lair:2   | Found a hole to the Spider Nest.
 10522 | Lair:2   | Found a staircase to the Swamp.
 10924 | Lair:3   | Noticed a death yak
 10924 | Lair:3   | Noticed a death yak
 11148 | Lair:3   | Reached skill level 5 in Invocations
 11207 | Lair:3   | Noticed a dire elephant
 11239 | Lair:3   | Killed a dire elephant
 11254 | Lair:3   | Noticed a death yak
 11258 | Lair:3   | Noticed a death yak
 11405 | Lair:3   | Killed a death yak
 11421 | Lair:3   | Killed a death yak
 11421 | Lair:3   | Noticed a death yak
 11433 | Lair:3   | Killed a death yak
 11436 | Lair:3   | Slain by a death yak

Illustrated notes

Levels and vault maps discovered:
D:1:      scummos_arrival_forest, layout_basic, serial_shops,
          nicolae_shop_stone, chequers_ecumenical_altar_lobes
D:2:      layout_loops_ring, uniq_terence
D:3:      layout_loops_cross, mainiacjoe_overflow_large_starburst,
          gammafunk_temple_overflow_statue, lightli_corner_chamber
D:4:      nicolae_cairo_tiling, layout_basic, okawaru_trees_1,
          kennysheep_little_box, corexii_leaking_fountain,
          chequers_serial_rivers_marsh, minmay_fractal_squares_5
D:5:      layout_gridville, guppyfry_early_lair_pool, uniq_grinder
D:6:      layout_rooms, minmay_temple_entry_sparse_star, serial_rivers,
          chequers_serial_rivers_micro_d, chequers_serial_rivers_small_b,
          chequers_serial_rivers_micro_a, chequers_serial_rivers_marsh,
          chequers_serial_rivers_large_b, interstate_on_off
D:7:      lemuel_ratsnest, layout_cave_pods, mainiacjoe_overflow_paths,
          mainiacjoe_overflow_alcove_1
D:8:      layout_layer_cave, kennysheep_generic_room_12
D:9:      minmay_cut_squares, layout_loops_ring, chequers_serial_rivers_micro_c
D:10:     layout_rooms, nicolae_overflow_squiral, minmay_misc_feat_tower,
          nicolae_alphabet_shops, uniq_nergalle, uniq_joseph
Temple:   minmay_temple_bridge_abc
Lair:1:   layout_chaotic_city, uniq_erica
Lair:2:   layout_cave_pods, minmay_swamp_entry_worms, spider_nest_entry_a,
          serial_forest, infiniplex_forest_lined_2,
          infiniplex_forest_clump_long, infiniplex_forest_zigzag_1,
          infiniplex_forest_split, infiniplex_forest_clump_tiny,
          infiniplex_forest_straight_1, infiniplex_forest_clump_curved,
          infiniplex_forest_end_2, infiniplex_forest_clump_double,
          lemuel_old_faithful
Lair:3:   layout_chaotic_city, minmay_holes, nicolae_lair_grazing_beasts
          [nicolae_sub_lair_graze_edge, nicolae_sub_lair_graze_edge,
          nicolae_sub_lair_graze_edge, nicolae_sub_lair_graze_edge]

Skill      XL: |  1  2  3  4  5  6  7  8  9 10 11 12 |
---------------+-------------------------------------+-----
Axes           | 3 4 5 6 8 10 12 14 16 | 16.0
Shields        | 4 7 |  7.8
Fighting       | 6 7 |  7.5
Armour         | 7 8 9 |  9.0
Dodging        | 6 7 8 |  8.3
Invocations    | 3 5 |  5.8
Polearms       | 2 4 |  4.0

Action                   |  1- 3 |  4- 6 |  7- 9 | 10-12 || total
-------------------------+-------+-------+-------+-------++-------
Melee: War axe           |   113 |   152 |   302 |   610 ||  1177
       Trident           |       |       |     6 |    24 ||    30
Throw: Javelin           |       |       |     3 |       ||     3
Invok: Minor Destruction |       |       |       |     3 ||     3
 Abil: Heal Wounds       |     1 |     4 |     9 |    39 ||    53
Evoke: Lightning rod     |       |       |       |     4 ||     4
       Wand              |       |       |       |     2 ||     2
  Use: Potion            |       |     1 |     4 |     5 ||    10
       Scroll            |       |    10 |     6 |     1 ||    17
Armor: Scale mail        |    79 |       |       |       ||    79
       Chain mail        |       |    99 |    41 |       ||   140
       Plate armour      |       |       |   142 |   345 ||   487
Dodge: Dodged            |    64 |    61 |   100 |   150 ||   375
Block: Buckler           |    27 |    45 |    48 |       ||   120
       Kite shield       |       |       |    49 |   395 ||   444

Table legend: (Time is in decaauts)
 A = Elapsed time spent in this place.
 B = Non-inter-level travel time spent in this place.
 C = Inter-level travel time spent in this place.
 D = Time resting spent in this place.
 E = Time spent auto-exploring this place.
 F = Levels seen in this place.
 G = Mean time per level.
                   A        B        C        D        E       F      G
               +--------+--------+--------+--------+--------+-----+--------+
         Total |  11558 |  11262 |    296 |      0 |   6467 |  14 |  825.6 |
       Dungeon |   8716 |   8480 |    236 |      0 |   4845 |  10 |  871.6 |
        Temple |    114 |    114 |      0 |      0 |      0 |   1 |  114.0 |
          Lair |   2727 |   2667 |     60 |      0 |   1622 |   3 |  909.0 |
               +--------+--------+--------+--------+--------+-----+--------+

Top non-repeatable levels by time:
     D:8: 1250 daAuts
  Lair:2: 1135 daAuts
     D:9: 956 daAuts
     D:4: 944 daAuts
     D:1: 934 daAuts
     D:5: 910 daAuts
  Lair:1: 903 daAuts
     D:7: 835 daAuts
     D:6: 758 daAuts
     D:3: 752 daAuts
    D:10: 698 daAuts
  Lair:3: 688 daAuts
     D:2: 674 daAuts
  Temple: 114 daAuts
